 Dungeon Crawl Stone Soup version 0.27.1-3-gb3d3a73c9e (webtiles) character file.

Game seed: 17474790534710859121

145 bnorton916 the Conjurer (level 5, -19/28 HPs)
             Began as a Deep Elf Conjurer on Oct 8, 2021.
             Demolished by an ogre (20 damage)
             ... on level 4 of the Dungeon.
             The game lasted 00:04:19 (3009 turns).

bnorton916 the Conjurer (Deep Elf Conjurer)         Turns: 3009, Time: 00:04:20

Health: -19/28     AC:  3    Str:  4    XL:     5   Next: 6%
Magic:  14/14      EV: 12    Int: 24    God:
Gold:   165        SH:  0    Dex: 13    Spells: 7/14 levels left

rFire    . . .     SeeInvis .   b - staff of conjuration
rCold    . . .     Faith    .   (no shield)
rNeg     . . .     Spirit   .   a - +0 robe
rPois    .         Reflect  .   (no helmet)
rElec    .         Harm     .   (no cloak)
rCorr    .         Rampage  .   g - +0 pair of gloves
Will     .....                  (no boots)
Stlth    ++........             (no amulet)
HPRegen  0.09/turn              (no ring)
MPRegen  0.14/turn              (no ring)

@: flying
A: no striking features
a: no special abilities


You were on level 4 of the Dungeon.
You visited 1 branch of the dungeon, and saw 4 of its levels.

You collected 165 gold pieces.

Inventory:

Hand Weapons
 j - a +1 dagger of venom
 m - a +2 short sword of protection
Armour
 a - a +0 robe (worn)
 g - a +0 pair of gloves (worn)
Magical Staves
 b - a staff of conjuration (weapon)
Scrolls
 d - a scroll of fog {unknown}
 e - a scroll of enchant armour {unknown}
 f - 4 scrolls of identify {unknown}
 l - a scroll of teleportation {unknown}
Potions
 c - a potion of heal wounds {unknown}
 h - a potion of haste {unknown}
 i - a potion of flight
 k - 2 potions of curing {unknown}


   Skills:
 - Level 2.4 Dodging
 - Level 2.4 Stealth
 + Level 5.4 Spellcasting
 + Level 5.8 Conjurations


You had 7 spell levels left.
You knew the following spells:

 Your Spells              Type           Power      Damage    Failure   Level
a - Magic Dart            Conj           100%       1d8       1%          1
b - Searing Ray           Conj           100%       3d7       1%          2
c - Fulminant Prism       Conj/Hex       15%        3d11      26%         4

Your spell library contained the following spells:

 Spells                   Type           Power      Damage    Failure   Level
 Dazzling Flash           Conj/Hex       60%        N/A       8%          3
 Animate Skeleton         Necr           12%        N/A       9%          1
 Apportation              Tloc           12%        N/A       9%          1
 Corona                   Hex            6%         N/A       9%          1
 Summon Small Mammal      Summ           24%        N/A       9%          1
 Mephitic Cloud           Conj/Pois/Air  23%        N/A       12%         3
 Call Imp                 Summ           6%         N/A       13%         2
 Ignite Poison            Fire/Tmut/Pois 6%         N/A       26%         3
 Iskenderun's Mystic Bla  Conj/Tloc      30%        2d8       26%         4
 Bolt of Magma            Conj/Fire/Erth 11%        4d7       71%         5


Dungeon Overview and Level Annotations

Branches:
Dungeon (4/15)
 Temple: D:4-7

Altars:
Qazlal


Message History

There is an open door here.
Found 10 gold pieces.
You now have 165 gold pieces (gained 10).
You open the large door.
An ogre comes into view. It is wielding a +0 giant club.
Found 19 gold pieces and a sedimented yellow potion.
An ogre is nearby!
An ogre is nearby!
An ogre is nearby!
There is a large open door here.
This spell is potentially lethal to cast!
Memorise Fulminant Prism, consuming 4 spell levels and leaving 7?
You start memorising the spell.
You continue memorising.
The ogre shouts!
You continue memorising. x3
You finish memorising.
Spell assigned to 'c'.
This spell is potentially lethal to cast!
Memorise Iskenderun's Mystic Blast, consuming 4 spell levels and leaving 3?
You start memorising the spell.
You continue memorising.
The ogre barely misses you.
You continue memorising. x2
The ogre hits you with a +0 giant club!!
Your memorisation is interrupted.
Ouch! That really hurt!
* * * LOW HITPOINT WARNING * * *
Casting: Magic Dart (safe; 1% risk of failure)
Confirm with . or Enter, or press ? or * to list all spells.
You don't know that spell.
Okay, then.
Unknown command.
You aren't carrying any items that you can evoke.
Unknown command.
Unknown command.
Unknown command.
It was a potion of flight.
You feel very buoyant.
You fly up into the air.
The ogre hits you with a +0 giant club!!
Ouch! That really hurt!
You die...

....#......#......#....#..)....#
....#......#......#....'..)....#
....#......+......#....#.......#
######.##########.#######.....##
### .§.....#.......##'#####
§≈..≈≈.#.......#......#
≈≈..≈≈.#.......#......#
..$....'.......#......#
..!$..O@.......#......#
≈≈..≈≈.#.......#......#
§§..≈≈.#.......#......#
.......#.......#......#
########.......######+#
................
................
#................
#................


You could see an ogre.

Vanquished Creatures
  Terence (D:3)
  4 adders
  5 dart slugs
  6 orcs
  2 ball pythons
  6 bats
  3 endoplasms
  2 giant cockroaches
  5 goblins
  8 hobgoblins
  6 jackals (D:2)
  4 frilled lizards
  7 kobolds
  6 rats
65 creatures vanquished.

Vanquished Creatures (others)
  A fungus (D:3)
1 creature vanquished.

Grand Total: 66 creatures vanquished

Notes
Turn   | Place    | Note
-------+----------+-------------------------------------------
     0 | D:1      | bnorton916 the Deep Elf Conjurer began the quest for the
                  | Orb.
     0 | D:1      | Reached XP level 1. HP: 10/10 MP: 6/6
   162 | D:1      | Reached XP level 2. HP: 15/15 MP: 4/8
   201 | D:1      | Learned a level 2 spell: Searing Ray
  1152 | D:2      | Reached skill level 5 in Conjurations
  1152 | D:2      | Reached XP level 3. HP: 19/19 MP: 5/10
  1742 | D:3      | Reached XP level 4. HP: 24/24 MP: 9/12
  2144 | D:3      | Reached skill level 5 in Spellcasting
  2391 | D:3      | Found a stormy altar of Qazlal.
  2438 | D:3      | Noticed Terence
  2442 | D:3      | Killed Terence
  2562 | D:3      | Found a faded altar of an unknown god.
  2785 | D:4      | Reached XP level 5. HP: 28/28 MP: 7/14
  2998 | D:4      | Noticed an ogre
  3005 | D:4      | Learned a level 4 spell: Fulminant Prism
  3008 | D:4      | HP: 1/28 [ogre (27)]
  3009 | D:4      | Demolished by an ogre

Illustrated notes

Levels and vault maps discovered:
D:1:      grunt_arrival_lava_bath, layout_loops_ring,
          amcnicky_mini_corridor_feature
D:2:      layout_rooms
D:3:      layout_rooms, nicolae_qazlal_eye_of_the_storm,
          shapermc_ecumenical_altar_ellora, uniq_terence
D:4:      layout_gridville, kennysheep_generic_room_5, uniq_grinder

Skill      XL: |  1  2  3  4 |
---------------+-------------+-----
Spellcasting   | 4 5 |  5.4
Conjurations   | 5 |  5.8
Dodging        | |  2.4
Stealth        | |  2.4

Action                   |  1- 3 |  4- 6 || total
-------------------------+-------+-------++-------
 Cast: Magic Dart        |    71 |    35 ||   106
       Searing Ray       |     3 |     5 ||     8
  Use: Potion            |       |     1 ||     1
Armor: Robe              |     1 |     1 ||     2
Dodge: Dodged            |     3 |     2 ||     5
